 Dungeon Sprint DCSS version 0.22-a0-358-g7563fe7 (webtiles) character file.

86 KristoblXynda the Slasher (level 4, -3/57 HPs)
             Began as a Draconian Fighter on Apr 18, 2018.
             Slain by a centaur (6 damage)
             ... in the Dungeon (Sprint IX: "|||||||||||||||||||||||||||||").
             The game lasted 00:00:47 (168 turns).

KristoblXynda the Slasher (Draconian Fighter)        Turns: 168, Time: 00:00:48

Health: -3/57      AC:  5    Str: 23    XL:     4   Next: 26%
Magic:  4/4        EV: 12    Int:  9    God:
Gold:   0          SH: 10    Dex: 11    Spells: 3/3 levels left

rFire    . . .     SeeInvis .   a - +0 long sword
rCold    . . .     Gourm    .   b - +0 shield
rNeg     . . .     Faith    .   (armour unavailable)
rPois    .         Spirit   .   (helmet restricted)
rElec    .         Reflect  .   (no cloak)
rCorr    .         Harm     .   (no gloves)
MR       .....     NoTele   +   (no boots)
Stlth    ..........             (no amulet)
HPRegen  0.19/turn              (no ring)
MPRegen  0.09/turn              (no ring)

@: berserking (expiring), very quick
A: unfitting armour, cold-blooded, AC +5
a: no special abilities


You were in the Dungeon.
You were not hungry.

You visited 1 branch

Inventory:

Hand Weapons
 a - a +0 long sword (weapon)
Armour
 b - a +0 shield (worn)
Scrolls
 j - a scroll of blinking
Potions
 c - a potion of might
 e - a potion of curing
 f - a potion of heal wounds
 g - a potion of haste
 h - 2 potions of magic
Comestibles
 d - a ration


   Skills:
 - Level 3.2 Fighting
 * Level 6.2 Long Blades
 + Level 4.6 Dodging
 + Level 5.1 Shields


You had 3 spell levels left.
You didn't know any spells.

Dungeon Overview and Level Annotations

Branches:
Dungeon (1/1)

Altars:


Innate Abilities, Weirdness & Mutations

Your plain brown scales are hard. (AC +5)
You cannot fit into any form of body armour.
You are cold-blooded and may be slowed by cold attacks.


Message History

Your Shields skill gained 2 levels and is now at level 5!
You have reached level 2!
You have reached level 3!
Your experience leads to an increase in your attributes!
Your base attributes are Str 18, Int 8, Dex 10.
Increase (S)trength, (I)ntelligence, or (D)exterity?
You feel agile.
Your scales feel tougher.
You have reached level 4!
You feel clever.
The centaur wields a shortbow.
The centaur shoots an arrow.
You block the arrow.
The centaur unwields an uncursed shortbow.
The centaur hits you!
* * * LOW HITPOINT WARNING * * *
There is an open door here.
You see here a giant club.
You hit the centaur.
The centaur is lightly wounded.
The centaur hits you.
You die... ▓▓▓▓▓▓▓▓▓▓▓▓▓▓▓▓▓▓ +.5.Sc@(..)†(...<▓ ▓▓▓▓▓▓▓▓▓▓▓▓▓▓▓▓▓▓

You could see a centaur, a crimson imp and an adder.

Vanquished Creatures
  An ogre (D)
  A dart slug (D)
  A bat (D)
  2 kobolds (D)
  A rat (D)
6 creatures vanquished.

Vanquished Creatures (others)
  A spatial maelstrom (D)
1 creature vanquished.

Grand Total: 7 creatures vanquished

Notes
Turn   | Place    | Note
-------+----------+-------------------------------------------
     0 | D        | KristoblXynda the Draconian Fighter began the quest for the Orb.
     0 | D        | Reached XP level 1. HP: 19/19 MP: 1/1
     1 | D        | Banished a spatial maelstrom
    14 | D        | Reached skill level 3 in Long Blades
   161 | D        | Noticed a sky beast
   161 | D        | Noticed a centaur
   161 | D        | Noticed a crimson imp
   161 | D        | Noticed an ogre
   166 | D        | Killed an ogre
   166 | D        | Reached skill level 6 in Long Blades
   166 | D        | Reached skill level 5 in Shields
   166 | D        | Reached XP level 2. HP: 8/26 MP: 2/2
   166 | D        | Reached XP level 3. HP: 10/31 MP: 3/3
   166 | D        | Reached XP level 4. HP: 13/38 MP: 4/4
   168 | D        | Slain by a centaur

Vault maps used:
D:        linesprint

Skill      XL: |  1 |
---------------+----+-----
Long Blades    | 6 |  6.2
Dodging        | 4 |  4.6
Shields        | 5 |  5.1
Fighting       | |  3.2

Action                   |  1- 3 |  4- 6 || total
-------------------------+-------+-------++-------
Melee: Long sword        |    20 |     1 ||    21
       Tailslap          |     3 |       ||     3
  Use: Potion            |     1 |       ||     1
Armor: Skin              |     3 |       ||     3
Dodge: Dodged            |     9 |       ||     9
Block: Shield            |    10 |     1 ||    11
       Rpst.: Long sword |     1 |       ||     1

Table legend:
 A = Spawn XP
 B = Non-spawn XP
 C = Spawn XP percentage of total XP
 D = Spawn monster count
 E = Non-spawn monster count
 F = Spawn count percentage of total count
 G = Total turns spent on level
                    A         B        C        D         E        F      G
               +---------+---------+-------+---------+---------+-------+---------
         Total |       0 |     123 |   0.0 |       0 |       6 |   0.0 |   168
               +---------+---------+-------+---------+---------+-------+---------
             D |       0 |     123 |   0.0 |       0 |       6 |   0.0 |   168
               +---------+---------+-------+---------+---------+-------+---------
